 Dungeon Crawl Stone Soup version 0.22-a0-238-gd711f9382e (webtiles) character file.

41 MrRokkomies the Caller (level 3, -8/19 HPs)
             Began as a Tengu Summoner on Feb 21, 2018.
             Was a Follower of Jiyva.
             Mangled by Sigmund
             ... wielding a +1 scythe of protection
              (12 damage)
             ... on level 2 of the Dungeon.
             The game lasted 00:05:22 (2193 turns).

MrRokkomies the Caller (Tengu Summoner)             Turns: 2193, Time: 00:05:23

Health: -8/19      AC:  3    Str: 13    XL:     3   Next: 52%
Magic:  4/7        EV: 13    Int: 16    God:    Jiyva [*.....]
Gold:   64         SH:  0    Dex: 16    Spells: 0/6 levels left

rFire    + . .     SeeInvis .   a - +0 short sword
rCold    . . .     Gourm    .   (no shield)
rNeg     . . .     Faith    .   e - +0 leather armour {rF+}
rPois    .         Spirit   .   (helmet restricted)
rElec    .         Reflect  .   (no cloak)
rCorr    .         Harm     .   (no gloves)
MR       .....                  (boots unavailable)
Stlth    ++........             (no amulet)
HPRegen  0.06/turn              l - +2 ring of dexterity
MPRegen  0.10/turn              (no ring)

@: mighty
A: beak, talons 3
a: Request Jelly, Renounce Religion


You were on level 2 of the Dungeon.
You worshipped Jiyva.
Jiyva was aware of your devotion.
You were not hungry.

You visited 1 branch of the dungeon, and saw 2 of its levels.

You collected 64 gold pieces.

Inventory:

Hand Weapons
 a - a +0 short sword (weapon)
 b - a +0 hunting sling
Missiles
 d - 41 sling bullets
Armour
 e - a +0 leather armour of fire resistance (worn)
Jewellery
 l - a +2 ring of dexterity (left hand)
Potions
 j - 3 potions of haste
 m - a potion of brilliance
Comestibles
 i - 3 rations


   Skills:
 * Level 3.3 Dodging
 - Level 2.0 Stealth
 - Level 2.0 Spellcasting
 * Level 5.6 Summonings


You couldn't memorise any spells.
You knew the following spells:

 Your Spells              Type           Power        Failure   Level  Hunger
a - Summon Small Mammal   Summ           ###.         2%          1    #......
b - Call Imp              Summ           ###.....     4%          2    ###....
c - Call Canine Familiar  Summ           ###.....     8%          3    ###....


Dungeon Overview and Level Annotations

Branches:
Dungeon (2/15)

Altars:
Jiyva

Annotations:
D:2 Sigmund


Innate Abilities, Weirdness & Mutations

You have a beak for a mouth.
You have claws for feet.


Message History

a - a +0 short sword (weapon)
Something hits you!
Ouch! That really hurt!
You aren't carrying any scrolls.
You feel very mighty all of a sudden.
You hit something. You claw something!
Your hound bites something.
You hear some strange, mumbled words.
Something tries to affect you, but you resist.
You barely miss something.
Your hound bites something but does no damage.
Something hits you.
* * * LOW HITPOINT WARNING * * *
Your hound closely misses something.
You barely miss something. You claw something.
Your hound bites something but does no damage.
You hear some strange, mumbled words.
Your hound appears confused.
You miss something. Your kick misses something. Something hits you!
Ouch! That really hurt!
You die...

#.# #..#...## .
#.# #..#P.P.# #.#
#.......# #.#
#..#...7# #.#
#7..#..8#
#.####.J.#...#
###........#####
#..{.......#####
#..#@.##...#.J.#
#....###...#8..#
#.#### ##..#P..7#
#.# ###..'.._⌠#
#.#####.#..#..P.#
#.#.....#.P#...##
#.#.###.##.#.77#
#........#.###
#........###


You could see a neutral jelly (fellow slime).

Vanquished Creatures
  2 oozes (D:1)
  A dart slug (D:1)
  A leopard gecko (D:2)
  2 bats (D:1)
  A giant cockroach (D:1)
  5 goblins
  3 hobgoblins (D:1)
  3 frilled lizards (D:1)
  2 rats
20 creatures vanquished.

Vanquished Creatures (collateral kills)
  A dart slug (D:1)
  A goblin (D:1)
  3 hobgoblins (D:1)
  3 jackals (D:1)
  2 kobolds (D:1)
  3 frilled lizards (D:1)
  4 rats (D:1)
17 creatures vanquished.

Vanquished Creatures (others)
  A worm (D:2)
1 creature vanquished.

Grand Total: 38 creatures vanquished

Notes
Turn   | Place    | Note
-------+----------+-------------------------------------------
     0 | D:1      | MrRokkomies the Tengu Summoner began the quest for the Orb.
     0 | D:1      | Reached XP level 1. HP: 10/10 MP: 4/4
    77 | D:1      | Reached skill level 5 in Summonings
   319 | D:1      | Reached XP level 2. HP: 15/15 MP: 1/6
   786 | D:1      | Reached XP level 3. HP: 18/19 MP: 7/7
  1435 | D:1      | Learned a level 2 spell: Call Imp
  1439 | D:1      | Learned a level 3 spell: Call Canine Familiar
  1839 | D:2      | Found a faded altar of an unknown god.
  1844 | D:2      | Became a worshipper of Jiyva Jyschuto the Shapeless
  1844 | D:2      | Reached * piety under Jiyva
  1886 | D:2      | Noticed Sigmund
  2193 | D:2      | Mangled by Sigmund

Vault maps used:
D:1:      dpeg_arrival_lava_altar, minmay_heptomino_w4
D:2:      grunt_temple_overflow_holy_war,
          nicolae_gozag_cash_rules_everything_around_me,
          chequers_ecumenical_altar_lobes, first_ration,
          kennysheep_generic_room_7, uniq_sigmund

Skill      XL: |  1  2 |
---------------+-------+-----
Summonings     | 5 |  5.6
Dodging        | 3 |  3.3
Stealth        | |  2.0
Spellcasting   | |  2.0

Action                   || total
-------------------------++-------
Melee: Short sword       ||    60
       Kick              ||    10
       Peck              ||     8
 Fire: Hunting sling     ||     1
 Cast: Summon Small Mamm ||    28
       Call Canine Famil ||     5
       Call Imp          ||     1
  Use: Scroll            ||     6
       Potion            ||     1
 Stab: Distracted        ||     1
       Sleeping          ||     5
  Eat: Chunk             ||     3
       Ration            ||     1
Armor: Robe              ||    15
       Leather armour    ||     1
Dodge: Dodged            ||    49

Table legend:
 A = Spawn XP
 B = Non-spawn XP
 C = Spawn XP percentage of total XP
 D = Spawn monster count
 E = Non-spawn monster count
 F = Spawn count percentage of total count
 G = Total turns spent on level
                    A         B        C        D         E        F      G
               +---------+---------+-------+---------+---------+-------+---------
         Total |       0 |      59 |   0.0 |       0 |      37 |   0.0 |  2193
               +---------+---------+-------+---------+---------+-------+---------
           D:1 |       0 |      53 |   0.0 |       0 |      34 |   0.0 |  1662
           D:2 |       0 |       6 |   0.0 |       0 |       3 |   0.0 |   531
               +---------+---------+-------+---------+---------+-------+---------
